 Dungeon Crawl Stone Soup version 0.20-a0-217-g17e8ceb (console) character file.

129 HarryHood the Cudgeler (level 5, 41/41 HPs)
             Began as a Merfolk Berserker on Nov 29, 2016.
             Was a Believer of Trog.
             Quit the game on level 3 of the Dungeon.
             The game lasted 00:09:01 (1411 turns).

HarryHood the Cudgeler (Merfolk Berserker)          Turns: 1411, Time: 00:09:01

Health: 41/41      AC:  9    Str: 19    XL:     5   Next: 12%
Magic:  5/5        EV: 12    Int:  6    God:    Trog [**....]
Gold:   143        SH:  0    Dex: 13    Spells: 4/4 levels left

rFire  . . .     SeeInvis .     a - +0 mace
rCold  . . .     Gourm    .     d - +1 ring mail
rNeg   . . .     Faith    .     (no shield)
rPois  .         Spirit   .     (no helmet)
rElec  .         Reflect  .     l - +2 cloak
rCorr  .         Harm     .     (no gloves)
MR     .....                    (no boots)
Stlth  +.........               (no amulet)
                                (no ring)
                                (no ring)

@: no status effects
A: change form in water, swift swim, stealthy swim
a: Berserk, Trog's Hand, Burn Spellbooks, Renounce Religion


You were on level 3 of the Dungeon.
You worshipped Trog.
Trog was pleased with you.
You were not hungry.

You visited 1 branch of the dungeon, and saw 3 of its levels.

You collected 143 gold pieces.

Inventory:

Hand Weapons
 a - a +0 mace (weapon)
Missiles
 e - 55 stones (quivered)
Armour
 d - a +1 ring mail (worn)
 l - a +2 cloak (worn)
Potions
 f - a potion of brilliance {unknown}
 g - a potion of agility {unknown}
 k - 2 potions of might
 p - a potion of curing {unknown}
 q - a potion of ambrosia {unknown}
Comestibles
 b - 2 chunks of flesh
 c - 2 bread rations
 i - a fruit
 o - a slice of pizza


   Skills:
 - Level 3.2 Fighting
 * Level 4.6 Maces & Flails
 - Level 1.3 Armour
 - Level 2.6 Dodging


You had 4 spell levels left.
You didn't know any spells.

Dungeon Overview and Level Annotations

Branches:
Dungeon (3/15)

Altars:
Cheibriados


Message History

You are feeling hungry.
This raw flesh tastes terrible.
Found a stone staircase leading up.
There is a stone staircase leading up here.
Some of the chunks of flesh in your inventory have rotted away.
Done exploring.
There is a stone staircase leading down here.
There is a stone staircase leading down here.
Throwing (i - inventory):
e - 55 stones (quivered)
Press: ? - help, Shift-Dir - straight line, f - you
Okay, then.
Search for what [Enter for "armor", or ? for help]? @armor Can't find anything matching that.
Search for what [Enter for "@armor", or ? for help]? @weapon You aren't carrying any spellbooks or scrolls.
Unknown command.
You aren't carrying any spellbooks or scrolls.
You climb downwards.
There is a stone staircase leading up here.
Are you sure you want to abandon this character and quit the game? (Confirm with "yes".)

# #.
##.#######
........
.....#
#...#
#.@.#
#...#
##.## #.#
#.# #.#
#.# #.#


There were no monsters in sight!

Vanquished Creatures
  4 gnolls (D:2)
  4 adders (D:2)
  An ooze (D:1)
  4 dart slugs (D:2)
  2 leopard geckos (D:1)
  A giant cockroach (D:2)
  3 goblins
  5 hobgoblins
  3 jackals (D:2)
  5 kobolds (D:1)
  2 ball pythons
  7 bats
  A frilled lizard (D:2)
  3 rats (D:1)
45 creatures vanquished.

Notes
Turn   | Place    | Note
-------+----------+-------------------------------------------
     0 | D:1      | HarryHood the Merfolk Berserker began the quest for the Orb.
     0 | D:1      | Reached XP level 1. HP: 18/18 MP: 1/1
   110 | D:1      | Reached XP level 2. HP: 24/24 MP: 2/2
   198 | D:1      | Reached skill level 3 in Maces & Flails
   588 | D:1      | Reached XP level 3. HP: 29/29 MP: 3/3
   840 | D:2      | Reached XP level 4. HP: 16/35 MP: 4/4
   850 | D:2      | Reached skill level 4 in Maces & Flails
   935 | D:2      | Reached ** piety under Trog
  1076 | D:2      | Found a snail-covered altar of Cheibriados.
  1195 | D:2      | Reached XP level 5. HP: 39/41 MP: 5/5
  1411 | D:3      | Quit the game

Vault maps used:
D:1:      minmay_arrival_five_plusses
D:2:      kennysheep_slug_shrine
D:3:      kennysheep_generic_room_11, uniq_iyjb

Skill      XL: |  1  2  3  4 |
---------------+-------------+-----
Maces & Flails | 3 4 |  4.6
Fighting       | |  3.2
Armour         | |  1.3
Dodging        | |  2.6

Action                   |  1- 3 |  4- 6 || total
-------------------------+-------+-------++-------
Melee: Mace              |    78 |    81 ||   159
Invok: Berserk           |       |     1 ||     1
  Use: Scroll            |     5 |       ||     5
  Eat: Chunk             |       |     3 ||     3
Armor: Ring mail         |    48 |    63 ||   111
Dodge: Dodged            |    64 |   104 ||   168
